 Dungeon Crawl Stone Soup version 0.26-a0-753-g4680b4fa2e (webtiles) character file.

Game seed: 5756534934971378079

113 Forecaster the Poker (level 4, 0/34 HPs)
             Began as a Merfolk Gladiator on Nov 7, 2020.
             Slain by an ufetubus (2 damage)
             ... summoned by Eustachio
             ... on level 4 of the Dungeon.
             The game lasted 00:05:26 (2255 turns).

Forecaster the Poker (Merfolk Gladiator)            Turns: 2255, Time: 00:05:27

Health: 0/34       AC:  4    Str: 14 (15) XL:     4   Next: 96%
Magic:  4/4        EV: 14    Int:  6 (7)  God:
Gold:   143        SH:  0    Dex: 14 (15) Spells: 3/3 levels left

rFire    . . .     SeeInvis .   a - +0 trident
rCold    . . .     Faith    .   (no shield)
rNeg     . . .     Spirit   .   b - +0 leather armour
rPois    +         Reflect  .   c - +0 helmet
rElec    .         Harm     .   (no cloak)
rCorr    .         Rampage  .   (no gloves)
MR       .....                  (no boots)
Stlth    +.........             (no amulet)
HPRegen  0.11/turn              h - ring of poison resistance
MPRegen  0.09/turn              (no ring)

@: brilliant, attractive
A: change form in water, swift swim, stealthy swim
a: no special abilities


You were on level 4 of the Dungeon.
You visited 1 branch of the dungeon, and saw 4 of its levels.

You collected 143 gold pieces.

Inventory:

Hand Weapons
 a - a +0 trident (weapon)
 s - a +2 dagger of venom
Missiles
 d - 3 throwing nets (quivered)
 k - 10 poisoned darts
Armour
 b - a +0 leather armour (worn)
 c - a +0 helmet (worn)
Jewellery
 h - a ring of poison resistance (left hand)
Scrolls
 e - 2 scrolls of enchant weapon {unknown}
 g - a scroll of identify {unknown}
 i - a scroll of teleportation {unknown}
 j - a scroll of fear {unknown}
 m - a scroll of remove curse {unknown}
 q - a scroll of random uselessness {unknown}
Potions
 f - a potion of attraction
 n - a potion of lignification {unknown}
 o - a potion of brilliance
 p - a potion of curing
 r - a potion of might {unknown}


   Skills:
 + Level 2.8 Fighting
 + Level 6.3 Polearms
 + Level 2.1 Throwing
 + Level 0.4 Armour
 + Level 5.1 Dodging
 + Level 0.2 Stealth


You had 3 spell levels left.
You didn't know any spells.
Your spell library was empty.

Dungeon Overview and Level Annotations

Branches:
Dungeon (3/15)

Altars:

Annotations:
D:3 2 transporters, triki's ghost, amateur GnEn
D:4 Eustachio


Message History

The ufetubus misses you. The bat barely misses you. The ufetubus hits you.
* * * LOW HITPOINT WARNING * * *
The ufetubus completely misses you. The ufetubus closely misses you.
The ufetubus hits you.
* * * LOW HITPOINT WARNING * * *
Okay, then.
It was a potion of curing.
You feel better. The bat is pulled toward you! The bat barely misses you.
The bat hits you but does no damage. The ufetubus hits you.
* * * LOW HITPOINT WARNING * * *
The ufetubus hits you.
* * * LOW HITPOINT WARNING * * *
The ufetubus hits you but does no damage.
The ufetubus closely misses you. The bat hits you.
* * * LOW HITPOINT WARNING * * *
The bat completely misses you.
You hit the ufetubus.
The ufetubus is heavily wounded.
The bat closely misses you. The ufetubus hits you.
You die...

#########
#...5b..#
#.@b@>##
####
###5b..##
#..##
##...!#
###.##
##..##...#
##.#####..##
#..
##......###
#..###..#
#### #..#
#..#


You could see Eustachio, 2 ufetubi and 3 bats.

Vanquished Creatures
  An orc wizard (D:3)
  2 adders (D:3)
  2 oozes (D:1)
  A worm (D:2)
  3 dart slugs
  A leopard gecko (D:3)
  5 orcs (D:3)
  6 bats
  A giant cockroach (D:3)
  A goblin (D:2)
  6 hobgoblins
  A quokka (D:3)
  A ball python (D:1)
  A frilled lizard (D:2)
  7 kobolds
  8 rats
47 creatures vanquished.

Notes
Turn   | Place    | Note
-------+----------+-------------------------------------------
     0 | D:1      | Forecaster the Merfolk Gladiator began the quest for the
                  | Orb.
     0 | D:1      | Reached XP level 1. HP: 16/16 MP: 1/1
   115 | D:1      | Reached XP level 2. HP: 22/22 MP: 2/2
   215 | D:1      | Reached skill level 5 in Polearms
   580 | D:1      | Reached XP level 3. HP: 27/27 MP: 3/3
   827 | D:2      | Found a faded altar of an unknown god.
  1422 | D:3      | Reached XP level 4. HP: 34/34 MP: 4/4
  1499 | D:3      | Reached skill level 6 in Polearms
  1499 | D:3      | Reached skill level 5 in Dodging
  1819 | D:3      | Found a transporter.
  1819 | D:3      | Noticed triki's ghost (amateur GnEn)
  1822 | D:3      | Found a transporter.
  2219 | D:3      | You fall into a shaft and drop 1 floor!
  2235 | D:4      | Noticed Eustachio
  2255 | D:4      | Slain by an ufetubus

Illustrated notes

Levels and vault maps discovered:
D:1:      dpeg_arrival_boxorama, layout_basic
D:2:      layout_loops_ring, chequers_ecumenical_altar_island
D:3:      layout_loops_ring, gammafunk_ghost_mausoleum,
          makhleb_altar_promises_db
D:4:      layout_layer_cave, serial_shops, shop, uniq_robin, uniq_ijyb,
          uniq_eustachio

Skill      XL: |  1  2  3  4 |
---------------+-------------+-----
Polearms       | 5 6 |  6.3
Dodging        | 5 |  5.1
Fighting       | |  2.8
Throwing       | |  2.1
Armour         | |  0.4
Stealth        | |  0.2

Action                   |  1- 3 |  4- 6 || total
-------------------------+-------+-------++-------
Melee: Trident           |   116 |    65 ||   181
  Use: Potion            |       |     4 ||     4
 Stab: Sleeping          |     1 |     1 ||     2
Armor: Leather armour    |    23 |    35 ||    58
Dodge: Dodged            |    66 |   108 ||   174

Table legend: (Time is in decaauts)
 A = Elapsed time spent in this place.
 B = Non-inter-level travel time spent in this place.
 C = Inter-level travel time spent in this place.
 D = Time resting spent in this place.
 E = Time spent auto-exploring this place.
 F = Levels seen in this place.
 G = Mean time per level.
                   A        B        C        D        E       F      G
               +--------+--------+--------+--------+--------+-----+--------+
         Total |   2251 |   2192 |     59 |    279 |   1570 |   4 |  562.8 |
       Dungeon |   2251 |   2192 |     59 |    279 |   1570 |   4 |  562.8 |
               +--------+--------+--------+--------+--------+-----+--------+

Top non-repeatable levels by time:
     D:3: 845 daAuts
     D:1: 755 daAuts
     D:2: 615 daAuts
     D:4: 35 daAuts
